APL (24 & UNDER)
SAVANNAH HOGS @ SCOTTSDALE SCORPIONS
09/16/2029
 
TOP OF THE 1ST
Savannah Hogs batting - Pitching for Scottsdale Scorpions : RHP Roger Oliver
Pitching: RHP Roger Oliver
Batting: RHB Luis Mercado 0-0: Called Strike
0-1: Ground out 3-1 (Groundball, 34S)
Batting: LHB Alberto Castellanos 0-0: Swinging Strike
0-1: Foul Ball, location: 2F
0-2: Ball
1-2: Foul Ball, location: 2F
1-2: Ball
2-2: Fly out, F7 (Flyball, 78M)
Batting: SHB Juan Chávez 0-0: Called Strike
0-1: Foul Ball, location: 2F
0-2: Ground out U3 (Groundball, 3)
Top of the 1st over - 0 runs, 0 hits, 0 errors, 0 left on base; Savannah 0 - Scottsdale 0
BOTTOM OF THE 1ST
Scottsdale Scorpions batting - Pitching for Savannah Hogs : LHP Ramón González
Pitching: LHP Ramón González
Batting: RHB Manny Moreno 0-0: Called Strike
0-1: Swinging Strike
0-2: Ball
1-2: Ball
2-2: Foul Ball, location: 2F
2-2: Strikes out swinging
Batting: RHB José Martínez 0-0: Called Strike
0-1: Ball
1-1: Ball
2-1: Ball
3-1: Base on Balls
Batting: SHB Juan Gonzáles 0-0: Called Strike
0-1: Foul Ball, location: 2F
0-2: Ball
1-2: Foul Ball, location: 2F
1-2: Ball
2-2: Foul Ball, location: 2F
2-2: Strikes out looking
Batting: RHB Ronald Smith 0-0: Called Strike
0-1: Ball
José Martínez steals 2nd base
1-1: Ball
2-1: Swinging Strike
2-2: Ball
3-2: Foul Ball, location: 2F
3-2: Base on Balls
Batting: LHB Manny Vigil 0-0: 3-RUN HOME RUN (Flyball, 7D), Distance : 351 ft
Batting: RHB Mike Hall 0-0: Ball
1-0: Called Strike
1-1: Called Strike
1-2: Ball
2-2: Ball
3-2: Strikes out looking
Bottom of the 1st over - 3 runs, 1 hit, 0 errors, 0 left on base; Savannah 0 - Scottsdale 3
TOP OF THE 2ND
Savannah Hogs batting - Pitching for Scottsdale Scorpions : RHP Roger Oliver
Batting: RHB Lewis Childress 0-0: Ball
1-0: Ground out 5-3 (Groundball, 56S)
Batting: LHB António Gutiérrez 0-0: Ball
1-0: DOUBLE (Flyball, 89D)
Batting: RHB Gilberto Bautista 0-0: Ball
1-0: Foul Ball, location: 2F
1-1: Ball
2-1: Ball
3-1: Called Strike
3-2: Strikes out looking
Batting: RHB Richard Cardoza 0-0: Ball
1-0: Ball
2-0: Foul Ball, location: 2F
2-1: Swinging Strike
2-2: Ball
3-2: SINGLE (Groundball, 6MD)
António Gutiérrez to third
António Gutiérrez scores
Batting: RHB Rick Holman 0-0: Called Strike
0-1: Fly out, F7 (Flyball, 7LSF)
Top of the 2nd over - 1 run, 2 hits, 0 errors, 1 left on base; Savannah 1 - Scottsdale 3
BOTTOM OF THE 2ND
Scottsdale Scorpions batting - Pitching for Savannah Hogs : LHP Ramón González
Batting: RHB Robinson Fernández 0-0: Called Strike
0-1: Ball
1-1: Foul Ball, location: 2F
1-2: Strikes out swinging
Batting: RHB Javier Gonzáles 0-0: Ball
1-0: Foul Ball, location: 2F
1-1: Swinging Strike
1-2: Strikes out swinging
Batting: RHB Derek Hartman 0-0: Called Strike
0-1: Ball
1-1: Ball
2-1: SINGLE (Flyball, 89M)
Batting: RHB Manny Moreno 0-0: Ball
1-0: Ball
2-0: Ball
3-0: Called Strike
3-1: SINGLE (Line Drive, 7S)
Derek Hartman to second
Batting: RHB José Martínez 0-0: Ball
1-0: Ball
2-0: Called Strike
2-1: Swinging Strike
2-2: Strikes out swinging
Bottom of the 2nd over - 0 runs, 2 hits, 0 errors, 2 left on base; Savannah 1 - Scottsdale 3
TOP OF THE 3RD
Savannah Hogs batting - Pitching for Scottsdale Scorpions : RHP Roger Oliver
Batting: RHB Júlio Contreras 0-0: Called Strike
0-1: SINGLE (Line Drive, 6MD)
Batting: RHB Luis Mercado 0-0: Ball
1-0: Called Strike
1-1: Swinging Strike
1-2: Foul Ball, location: 2F
1-2: Ball
2-2: Strikes out looking
Batting: LHB Alberto Castellanos 0-0: Swinging Strike
0-1: Ball
1-1: Ball
2-1: Called Strike
2-2: Ball
3-2: Strikes out looking
Batting: SHB Juan Chávez 0-0: Called Strike
0-1: Ball
1-1: Foul Ball, location: 2F
1-2: Ball
2-2: Ground out 4-3 (Groundball, 4)
Top of the 3rd over - 0 runs, 1 hit, 0 errors, 1 left on base; Savannah 1 - Scottsdale 3
BOTTOM OF THE 3RD
Scottsdale Scorpions batting - Pitching for Savannah Hogs : LHP Ramón González
Batting: SHB Juan Gonzáles 0-0: Ball
1-0: Ball
2-0: Swinging Strike
2-1: Foul Ball, location: 2F
2-2: Ball
3-2: Foul Ball, location: 2F
3-2: Foul Ball, location: 2F
3-2: Fly out, F9 (Flyball, 89S)
Batting: RHB Ronald Smith 0-0: Called Strike
0-1: Ball
1-1: Ground out 1-3 (Groundball, 15S)
Batting: LHB Manny Vigil 0-0: Foul Ball, location: 2F
0-1: Called Strike
0-2: Ball
1-2: Fly out, F6 (Flyball, 6MD)
Bottom of the 3rd over - 0 runs, 0 hits, 0 errors, 0 left on base; Savannah 1 - Scottsdale 3
TOP OF THE 4TH
Savannah Hogs batting - Pitching for Scottsdale Scorpions : RHP Roger Oliver
Batting: RHB Lewis Childress 0-0: Ball
1-0: Called Strike
1-1: Ball
2-1: Ball
3-1: Called Strike
3-2: Ground out 6-3 (Groundball, 6)
Batting: LHB António Gutiérrez 0-0: Foul Ball, location: 2F
0-1: Ball
1-1: Ball
2-1: Ball
3-1: Foul Ball, location: 2F
3-2: Foul Ball, location: 2F
3-2: Ground out 4-3 (Groundball, 4)
Batting: RHB Gilberto Bautista 0-0: Ground out 5-3 (Groundball, 56S)
Top of the 4th over - 0 runs, 0 hits, 0 errors, 0 left on base; Savannah 1 - Scottsdale 3
BOTTOM OF THE 4TH
Scottsdale Scorpions batting - Pitching for Savannah Hogs : LHP Ramón González
Batting: RHB Mike Hall 0-0: Ball
1-0: Ball
2-0: Called Strike
2-1: Ball
3-1: Base on Balls
Batting: RHB Robinson Fernández 0-0: Called Strike
0-1: Foul Ball, location: 2F
0-2: Ball
1-2: Foul Ball, location: 2F
1-2: Foul Ball, location: 2F
1-2: Ball
2-2: Ball
3-2: Base on Balls
Mike Hall to second
Batting: RHB Javier Gonzáles 0-0: Ball
1-0: Ball
2-0: DOUBLE (Line Drive, 8RD)
Mike Hall scores
Robinson Fernández to third
Runner from 3rd tries for Home, SAFE, no throw
Pitching: RHP César Marrero
Batting: RHB Derek Hartman 0-0: Ball
1-0: Ball
2-0: Ground out 4-3 (Groundball, 4)
Javier Gonzáles to third
Batting: RHB Manny Moreno 0-0: Foul Ball, location: 2F
0-1: Ground out 5-3 (Groundball, 56)
Javier Gonzáles scores
Batting: RHB José Martínez 0-0: Ground out 4-3 (Groundball, 4)
Bottom of the 4th over - 3 runs, 1 hit, 0 errors, 0 left on base; Savannah 1 - Scottsdale 6
TOP OF THE 5TH
Savannah Hogs batting - Pitching for Scottsdale Scorpions : RHP Roger Oliver
Batting: RHB Richard Cardoza 0-0: Ball
1-0: SINGLE (Groundball, 6MD)
Batting: RHB Rick Holman 0-0: Called Strike
0-1: Called Strike
0-2: Foul Ball, location: 2F
0-2: Ball
1-2: Ball
2-2: Foul Ball, location: 2F
2-2: Strikes out swinging
Batting: RHB Júlio Contreras 0-0: Called Strike
0-1: Foul Ball, location: 2F
0-2: Ball
1-2: Ball
2-2: Fielders Choice at 2nd, 6-4 (Groundball, 6M)
Batting: RHB Luis Mercado 0-0: Ball
1-0: Swinging Strike
1-1: Called Strike
1-2: Strikes out swinging
Top of the 5th over - 0 runs, 1 hit, 0 errors, 1 left on base; Savannah 1 - Scottsdale 6
BOTTOM OF THE 5TH
Scottsdale Scorpions batting - Pitching for Savannah Hogs : RHP César Marrero
Batting: SHB Juan Gonzáles 0-0: Ball
1-0: Fly out, F9 (Flyball, 9D)
Batting: RHB Ronald Smith 0-0: Ball
1-0: Ball
2-0: Called Strike
2-1: SINGLE (Flyball, 78S)
Batting: LHB Manny Vigil 0-0: Ball
Ronald Smith is caught stealing 2nd base
1-0: Ball
2-0: DOUBLE (Line Drive, 9LM)
Batting: RHB Mike Hall 0-0: Intentional Walk
Batting: RHB Robinson Fernández 0-0: Ground out 4-3 (Groundball, 4)
Bottom of the 5th over - 0 runs, 2 hits, 0 errors, 2 left on base; Savannah 1 - Scottsdale 6
TOP OF THE 6TH
Savannah Hogs batting - Pitching for Scottsdale Scorpions : RHP Roger Oliver
Batting: LHB Alberto Castellanos 0-0: Called Strike
0-1: Ball
1-1: Ball
2-1: Called Strike
2-2: Fly out, F8 (Flyball, 89D)
Batting: SHB Juan Chávez 0-0: Called Strike
0-1: Ball
1-1: Foul Ball, location: 2F
1-2: Ground out 5-3 (Groundball, 56)
Batting: RHB Lewis Childress 0-0: Called Strike
0-1: Ground out 5-3 (Groundball, 56)
Top of the 6th over - 0 runs, 0 hits, 0 errors, 0 left on base; Savannah 1 - Scottsdale 6
BOTTOM OF THE 6TH
Scottsdale Scorpions batting - Pitching for Savannah Hogs : RHP César Marrero
Batting: RHB Javier Gonzáles 0-0: Fly out, F5 (Line Drive, 5)
Batting: RHB Derek Hartman 0-0: Foul Ball, location: 2F
0-1: Ball
1-1: Ground out 6-3 (Groundball, 56D)
Batting: RHB Manny Moreno 0-0: Ground out 5-3 (Groundball, 56)
Bottom of the 6th over - 0 runs, 0 hits, 0 errors, 0 left on base; Savannah 1 - Scottsdale 6
TOP OF THE 7TH
Savannah Hogs batting - Pitching for Scottsdale Scorpions : RHP Roger Oliver
Pitching: RHP Carlos Martínez
Now in LF: Bartolo Baruffaldi
Batting: LHB António Gutiérrez 0-0: Swinging Strike
0-1: Swinging Strike
0-2: Ground out 4-3 (Groundball, 4)
Batting: RHB Gilberto Bautista 0-0: Ball
1-0: Ball
2-0: Called Strike
2-1: Ball
3-1: Called Strike
3-2: Strikes out swinging
Batting: RHB Richard Cardoza 0-0: Called Strike
0-1: SINGLE (Groundball, 6D)
Batting: RHB Rick Holman 0-0: Ball
1-0: Ball
2-0: Ball
3-0: Base on Balls
Richard Cardoza to second
Batting: RHB Júlio Contreras 0-0: Fielders Choice at 2nd, 6-4 (Groundball, 6MD)
Top of the 7th over - 0 runs, 1 hit, 0 errors, 2 left on base; Savannah 1 - Scottsdale 6
BOTTOM OF THE 7TH
Scottsdale Scorpions batting - Pitching for Savannah Hogs : RHP César Marrero
Batting: RHB José Martínez 0-0: Ball
1-0: Foul Ball, location: 2F
1-1: Called Strike
1-2: Foul Ball, location: 2F
1-2: Ground out 5-3 (Groundball, 56)
Batting: SHB Juan Gonzáles 0-0: Called Strike
0-1: Ball
1-1: Ball
2-1: SINGLE (Groundball, 5) (infield hit)
Batting: RHB Ronald Smith 0-0: Called Strike
0-1: Grounds into double play, 5-4-3 (Groundball, 56)
Bottom of the 7th over - 0 runs, 1 hit, 0 errors, 0 left on base; Savannah 1 - Scottsdale 6
TOP OF THE 8TH
Savannah Hogs batting - Pitching for Scottsdale Scorpions : RHP Carlos Martínez
Batting: RHB Luis Mercado 0-0: Called Strike
0-1: Ball
1-1: SINGLE (Groundball, 56D)
Batting: LHB Alberto Castellanos 0-0: Called Strike
0-1: SINGLE (Line Drive, 8RS)
Luis Mercado to second
Batting: SHB Juan Chávez 0-0: Grounds into double play, 4-6-3 (Groundball, 4)
Luis Mercado to third
Batting: RHB Lewis Childress 0-0: Ball
1-0: Called Strike
1-1: Called Strike
1-2: Strikes out looking
Top of the 8th over - 0 runs, 2 hits, 0 errors, 1 left on base; Savannah 1 - Scottsdale 6
BOTTOM OF THE 8TH
Scottsdale Scorpions batting - Pitching for Savannah Hogs : RHP César Marrero
Batting: LHB Manny Vigil 0-0: Ball
1-0: Called Strike
1-1: Ball
2-1: Ball
3-1: Base on Balls
Batting: RHB Mike Hall 0-0: Ball
1-0: Foul Ball, location: 2F
1-1: Called Strike
1-2: SINGLE (Line Drive, 4MD)
Manny Vigil to second
Batting: RHB Robinson Fernández 0-0: Ball
1-0: Fielders Choice at 2nd, 1-4 (Groundball, 15S)
Manny Vigil to third
Batting: RHB Javier Gonzáles 0-0: Ball
1-0: Called Strike
1-1: Called Strike
Robinson Fernández is caught stealing 2nd base
1-2: Strikes out looking
Bottom of the 8th over - 0 runs, 1 hit, 0 errors, 1 left on base; Savannah 1 - Scottsdale 6
TOP OF THE 9TH
Savannah Hogs batting - Pitching for Scottsdale Scorpions : RHP Carlos Martínez
Batting: LHB António Gutiérrez 0-0: Ball
1-0: Foul Ball, location: 2F
1-1: Foul Ball, location: 2F
1-2: Ball
2-2: Ball
3-2: Fly out, F7 (Flyball, 7D)
Batting: RHB Gilberto Bautista 0-0: Foul Ball, location: 2F
0-1: Ground out 2-3 (Groundball, 2L)
Batting: RHB Richard Cardoza 0-0: Called Strike
0-1: Ball
1-1: Swinging Strike
1-2: Ball
2-2: SINGLE (Groundball, 6MD)
Batting: RHB Rick Holman 0-0: 2-RUN HOME RUN (Flyball, 7D), Distance : 363 ft
Pitching: RHP Jaime Morín
Batting: RHB Júlio Contreras 0-0: Called Strike
0-1: SINGLE (Groundball, 56D)
Pitching: RHP José Zamora
Batting: RHB Luis Mercado 0-0: Called Strike
0-1: Ball
1-1: Ball
2-1: Foul Ball, location: 2F
2-2: Strikes out looking
Top of the 9th over - 2 runs, 3 hits, 0 errors, 1 left on base; Savannah 3 - Scottsdale 6
Saturday, December 16th, 2017 - OOTP Baseball 18.8 Build 76